Map: [ESL] Post-Youth

Players

Bly - Winner!

  • Race: Zerg Zerg
  • Spawn Location: 7:00

Wayne

  • Race: Zerg Zerg
  • Spawn Location: 1:00

Event: ESL SC2 Masters 2024 Spring (Regional)

VOD

Have the link to the VOD?

Description

Time

  • Played on: April 27, 2024, 11:53 a.m.
  • Length: 9:45

All games in this series

Show
View Real Time Build Order
Export as new Build Order

Bly Zerg - Winner!

Build Orders: Pool First 

Get SALT Encoding   

  12  0:17  Spawning Pool  
  11  0:22  Drone  
  11  0:27  Drone  
  13  0:34  Drone  
  14  0:40  Overlord  
  14  1:03  Zergling x2  
  14  1:04  Zergling x2  
  16  1:05  Zergling x2  
  17  1:16  Zergling x2  
  18  1:20  Hatchery  
  17  1:27  Zergling x2  
  18  1:36  Queen  
  20  1:44  Zergling x2  
  21  1:51  Overlord  
  21  1:59  Drone  
  22  2:21  Drone x2  
  24  2:23  Queen  
  25  2:35  Drone x2  
  25  2:36  Queen  
  27  2:46  Drone  
  27  2:47  Drone  
  28  2:52  Drone  
  28  2:56  Drone  
  28  3:07  Drone x2, Queen  
  28  3:11  Extractor  
  31  3:15  Evolution Chamber  
  30  3:22  Evolution Chamber  
  30  3:24  Drone x5  
  34  3:28  Drone x2  
  34  3:32  Extractor  
  34  3:34  Roach Warren  
  35  3:38  Drone  
  35  3:40  Overlord  
  36  3:46  Extractor  
  35  3:51  Overlord  
  35  3:55  Overlord  
  35  3:57  Overlord  
  35  3:59  Extractor  
  35  4:02  Overlord  
  34  4:04  Drone x2  
  36  4:14  Drone x3  
  36  4:16  Drone  
  36  4:17  Drone  
  41  4:19  Drone  
  42  4:27  Lair  
  42  4:30  Drone  
  43  4:34  Zerg Missile Weapons Level 1  
  43  4:41  Drone  
  43  4:42  Drone x2  
  46  4:47  Overlord  
  46  4:49  Overlord  
  46  4:53  Drone x2  
  46  4:55  Drone  
  49  5:07  Drone  
  50  5:25  Nydus Network  
  50  5:26  Glial Reconstitution  
  50  5:27  Roach x7  
  65  5:28  Roach  
  65  5:31  Roach  
  67  5:39  Roach x2  
  67  5:40  Roach  
  67  5:41  Roach  
  75  5:49  Roach x3  
  81  5:52  Overlord  
  81  6:02  Nydus Canal  
  81  6:04  Roach  
  83  6:10  Roach x4  
  91  6:12  Overlord  
  91  6:17  Nydus Canal  
  91  6:32  Roach  
  89  6:43  Roach  
  85  7:01  Overlord  
  85  7:02  Overlord x4  
  83  7:08  Spire  
  83  7:10  Nydus Canal  
  82  7:15  Hatchery  
  82  7:20  Hatchery  
  78  7:33  Roach  
  78  7:34  Roach x9  
  74  7:46  Nydus Canal  
  70  8:02  Nydus Canal  
  70  8:11  Queen  
  60  8:22  Nydus Canal  
  60  8:24  Mutalisk x7  
  62  8:34  Mutalisk x2  
  66  8:45  Roach x6  
  76  8:54  Roach x3  
  80  8:56  Evolution Chamber  
  79  9:06  Roach  
  79  9:07  Roach x3  
  71  9:18  Roach x4  
  75  9:28  Nydus Canal  
Show
View Real Time Build Order
Export as new Build Order

Wayne Zerg 

Build Orders: Pool First 

Get SALT Encoding   

  12  0:00  Drone  
  13  0:12  Overlord  
  13  0:17  Drone  
  14  0:31  Drone x2  
  14  0:34  Drone  
  17  0:38  Extractor  
  16  0:45  Drone  
  17  0:51  Spawning Pool  
  17  0:55  Drone  
  17  1:18  Hatchery  
  16  1:37  Zergling x6  
  19  1:42  Queen  
  21  1:48  Metabolic Boost  
  22  1:55  Hatchery  
  21  2:02  Overlord  
  21  2:07  Zergling x2  
  22  2:22  Zergling x4  
  22  2:31  Zergling x2  
  22  2:33  Hatchery  
  19  2:41  Queen  
  21  2:48  Hatchery  
  21  2:52  Drone  
  21  2:56  Drone  
  22  2:59  Drone  
  22  3:05  Drone  
  24  3:11  Drone x2  
  26  3:28  Hatchery  
  26  3:31  Drone  
  26  3:40  Queen  
  28  3:42  Drone  
  29  3:50  Overlord  
  29  4:01  Drone x4  
  33  4:09  Queen  
  35  4:14  Drone x2  
  37  4:20  Drone  
  38  4:25  Drone  
  39  4:34  Drone x2  
  39  4:37  Evolution Chamber  
  40  4:41  Drone x2  
  40  4:44  Drone  
  43  4:48  Drone x3  
  43  4:51  Overlord  
  43  4:52  Drone  
  47  4:55  Drone  
  47  4:58  Lair  
  48  5:01  Extractor  
  48  5:02  Extractor  
  48  5:04  Drone x3  
  48  5:05  Roach Warren  
  48  5:13  Drone  
  50  5:14  Drone  
  50  5:15  Drone  
  50  5:17  Drone x3  
  50  5:20  Drone x3  
  50  5:21  Extractor  
  56  5:24  Overlord  
  56  5:29  Zerg Missile Weapons Level 1  
  56  5:32  Overlord  
  56  5:33  Overlord  
  56  5:40  Overlord  
  56  5:45  Roach x3  
  62  5:50  Roach x4  
  62  5:53  Overlord x2  
  70  5:59  Glial Reconstitution  
  70  6:03  Roach x2  
  74  6:07  Overlord  
  74  6:10  Roach x3  
  80  6:13  Overlord  
  80  6:18  Roach x3  
  86  6:24  Roach  
  86  6:25  Roach x2  
  92  6:30  Roach x2  
  87  6:34  Roach  
  87  6:35  Roach, Zergling x2  
  87  6:37  Roach, Zergling x4  
  93  6:45  Roach x3  
  96  6:48  Roach x2  
  96  6:54  Zergling x6  
  96  6:59  Roach x2  
  96  7:01  Zergling x2  
  90  7:08  Roach  
  88  7:14  Roach x3  
  87  7:25  Roach x3  
  82  7:33  Roach x2  
  82  7:36  Roach  
  78  7:40  Roach  
  68  7:45  Roach  
  68  7:46  Roach x5  
  74  7:57  Roach  
  76  8:09  Roach  
  68  8:13  Drone  
  68  8:17  Drone  
  68  8:24  Tunneling Claws  
  68  8:26  Burrow  
  63  8:27  Drone  
  63  8:28  Drone  
  64  8:40  Drone x2  
  66  8:41  Drone  
  66  8:42  Drone x3  
  67  8:50  Roach x2  
  67  8:53  Drone  
  67  8:54  Drone  
  68  9:08  Drone x2  
  68  9:09  Drone x3  
  65  9:10  Drone x2  
  65  9:16  Roach x2  
  55  9:30  Spore Crawler, Drone  
  55  9:31  Spore Crawler  
  55  9:33  Spore Crawler  
Tags
 
Add a new tag
Caveats
  • Supply blocks, unpowered buildings, or Contaminate may cause inaccurate times.
  • Supply counts are checked every 10 seconds.